 Dungeon Crawl Stone Soup version 0.29-a0-802-g34511f41fd (webtiles) character file.

Game seed: 16407463757049588433

673 flyleaff the Changer (level 7, 0/31 HPs)
             Began as a Felid Transmuter on July 4, 2022.
             Slain by an orc
             ... wielding a +0 short sword
              (1 damage)
             ... on level 6 of the Dungeon.
             The game lasted 00:17:11 (8500 turns).

flyleaff the Changer (Felid Transmuter)             Turns: 8500, Time: 00:17:11

Health: 0/31       AC:  2    Str:  6    XL:     7   Next: 33%
Magic:  15/15      EV: 18    Int: 14    God:
Gold:   192        SH:  0    Dex: 19    Spells: 6/16 levels left
                                        Lives:  0   Deaths: 2

rFire   . . .      SeeInvis +     - Unarmed
rCold   . . .      Faith    .   (shield unavailable)
rNeg    . . .      Spirit   .   (body armour unavailable)
rPois   .          Reflect  .   (helmet unavailable)
rElec   .          Harm     .   (cloak unavailable)
rCorr   .          Rampage  .   (gloves unavailable)
Will    ++...                   (boots unavailable)
Stlth   ++........              (no amulet)
HPRegen 0.10/turn               k - ring of willpower
MPRegen 0.14/turn               n - +4 ring of slaying

@: wereblooded (expiring), quick
A: very small, claws 1, fangs 3, see invisible, speed 1, shaggy fur 2, stealthy
paws, no weapons or thrown items, no armour, multi-lived
a: no special abilities


You were on level 6 of the Dungeon.
You visited 1 branch of the dungeon, and saw 6 of its levels.

You collected 192 gold pieces.

Inventory:

Jewellery
 k - a ring of willpower (left paw)
 m - a ring of ice
 n - a +4 ring of slaying (right paw)
Wands
 p - a wand of mindburst (7)
Scrolls
 b - a scroll of blinking
 c - a scroll of amnesia
 d - a scroll of teleportation
 e - 3 scrolls of poison {unknown}
 f - 2 scrolls of brand weapon {unknown}
 g - a scroll of enchant weapon {unknown}
 h - a scroll of noise {unknown}
 i - 2 scrolls of torment {unknown}
 o - a scroll of immolation {unknown}
Potions
 a - a potion of lignification
 j - 2 potions of flight
 l - 2 potions of curing


   Skills:
 + Level 3.6 Fighting
 - Level 3.6 Dodging
 - Level 1.4 Stealth
 - Level 3.4 Unarmed Combat
 - Level 5.0 Spellcasting
 - Level 1.0 Conjurations
 - Level 6.0 Transmutations
 - Level 4.0 Poison Magic


You had 6 spell levels left.
You knew the following spells:

 Your Spells              Type           Power      Damage    Failure   Level
a - Beastly Appendage     Tmut           40%        N/A       1%          1
b - Spider Form           Tmut/Pois      17%        N/A       7%          3
c - Wereblood             Tmut           20%        N/A       2%          2
d - Magic Dart            Conj           24%        1d4       12%         1
e - Ozocubu's Armour      Ice            3%         N/A       45%         3

Your spell library contained the following spells:

 Spells                   Type           Power      Damage    Failure   Level
 Searing Ray              Conj           12%        2d4       17%         2
 Ice Form                 Ice/Tmut       11%        N/A       45%         4
 Fulminant Prism          Conj/Hex       2%         3d6       80%         4
 Metabolic Englaciation   Hex/Ice        1%         N/A       99%         5
 Simulacrum               Ice/Necr       1%         N/A       100%        6


Dungeon Overview and Level Annotations

Branches:
Dungeon (6/15)
 Temple: D:4-7

Altars:
Qazlal
Xom


Innate Abilities, Weirdness & Mutations

You have sharp claws.
You have razor-sharp teeth.
You have supernaturally acute eyesight. (SInv)
You cover ground quickly. (Speed+)
You are covered in thick fur. (AC +2)
Your paws help you pounce on unaware monsters.
You are incapable of wielding weapons or throwing items.
You cannot wear armour.
You gain extra lives every three experience levels.


Message History

You kill the orc!
You open the door.
You hear a shout! x2
You howl as the wereblood boils in your veins!
There is an open door here.
You barely miss the orc wizard.
Your horns disappear.
The orc wizard casts a spell at you.
You are confused.
You barely miss the orc wizard.
You bump into the granite statue.
The orc wizard misses you.
You miss the orc wizard. The orc wizard closely misses you. The orc misses you.
You closely miss the orc wizard. You bite the orc wizard.
The orc wizard is moderately wounded.
You feel less confused.
The orc wizard hits you with a +0 dagger.
* * * LOW HITPOINT WARNING * * *
The orc closely misses you.
You claw the orc wizard!
The orc wizard is severely wounded.
The orc wizard misses you. The orc closely misses you.
You barely miss the orc wizard.
The orc wizard is severely wounded.
The orc wizard hits you with a +0 dagger.
* * * LOW HITPOINT WARNING * * *
The orc hits you but does no damage.
You scratch the orc wizard.
You feel a bit better.
You kill the orc wizard!
Your primal bloodlust is almost over.
The orc hits you with a +0 short sword.
* * * LOW HITPOINT WARNING * * *
You claw the ice beast!
The ice beast is moderately wounded.
You howl as the wereblood boils in your veins!
The ice beast misses you. The orc hits you with a +0 short sword.
* * * LOW HITPOINT WARNING * * *
You feel better. The ice beast hits you. The ice beast freezes you!
* * * LOW HITPOINT WARNING * * *
The orc hits you with a +0 short sword.
You die...

***,,,,,** #......#######.##.
**,,,,,**#.................
*,,,,,,.....####.......##.
**,,,,,....#* #.....#.##.
*******###**#####* ##...##.###
**,,,,,,+..#*#...# ##.###.###
,*,,,,,,#...#+.8.### #.# #....
**,,,,,,*#..o#.o.#.# #.#######
,,***,,,+*#Y.#.Y@#.## ##.....##.
,,*,*,,,#.*##'.8.'..# *#.........
,,,**,,,#..#.#...#..###..######..
,,,,,***+*#).#...#......## #..
,,,,,*,*#..##'.8.#.......# #..
,,,,,,**##.*##...#....#..# ##..
******* #** #####.|..##.#####..#
### #....##.......## ## #.#
#....#........#


You could see an ice beast and an orc.

Vanquished Creatures
  Sigmund (D:5)
  A water moccasin (D:6)
  An ice beast (D:5)
  2 bullfrogs (D:6)
  Blork the orc (D:5)
  A gnoll sergeant (D:6)
  4 scorpions
  4 hounds
  Crazy Yiuf (D:5)
  A gnoll bouda (D:5)
  2 orc wizards
  6 gnolls
  3 adders
  A shadow imp (D:5)
  A worm (D:2)
  2 dart slugs
  10 orcs
  8 endoplasms
  2 giant cockroaches (D:3)
  6 goblins
  8 hobgoblins
  4 quokkas
  2 ball pythons (D:1)
  5 bats
  11 frilled lizards
  12 kobolds
  5 rats
105 creatures vanquished.

Vanquished Creatures (others)
  12 plants
12 creatures vanquished.

Grand Total: 117 creatures vanquished

Notes
Turn   | Place    | Note
-------+----------+-------------------------------------------
     0 | D:1      | flyleaff the Felid Transmuter began the quest for the Orb.
     0 | D:1      | Reached XP level 1. HP: 9/9 MP: 4/4
   256 | D:1      | Reached XP level 2. HP: 6/12 MP: 6/6
   463 | D:1      | Reached skill level 1 in Stealth
  1348 | D:1      | Reached XP level 3. HP: 15/15 MP: 7/7
  1363 | D:1      | Learned a level 3 spell: Spider Form
  1366 | D:1      | Learned a level 2 spell: Wereblood
  1553 | D:2      | Found a faded altar of an unknown god.
  2628 | D:3      | Reached XP level 4. HP: 19/19 MP: 4/8
  2895 | D:3      | Succumbed to an adder's poison
  2896 | D:3      | Reached XP level 3. HP: 0/16 MP: 5/7
  3083 | D:3      | Reached skill level 3 in Transmutations
  3658 | D:3      | Identified the +7 hand axe of the Vine {vorpal, rN+ Int+2}
  3773 | D:4      | Learned a level 1 spell: Magic Dart
  4100 | D:4      | Reached XP level 4. HP: 4/19 MP: 4/9
  4854 | D:4      | Reached skill level 1 in Conjurations
  5150 | D:4      | Noticed a scorpion
  5159 | D:4      | Killed a scorpion
  5160 | D:4      | Reached skill level 1 in Poison Magic
  5160 | D:4      | Reached XP level 5. HP: 22/22 MP: 8/10
  5608 | D:5      | Entered Level 5 of the Dungeon
  5840 | D:5      | Reached skill level 4 in Transmutations
  5855 | D:5      | Gained mutation: You are covered in thick fur. (AC +2)
                  | [Felid growth]
  5855 | D:5      | Reached XP level 6. HP: 11/26 MP: 9/12
  6112 | D:5      | Noticed an ice beast
  6118 | D:5      | Learned a level 3 spell: Ozocubu's Armour
  6124 | D:5      | Killed an ice beast
  6267 | D:5      | Noticed Sigmund
  6278 | D:5      | Killed Sigmund
  6279 | D:5      | Reached XP level 7. HP: 30/30 MP: 8/14
  6724 | D:5      | Found a shimmering altar of Xom.
  6874 | D:5      | Noticed Blork the orc
  6882 | D:5      | Killed Blork the orc
  6883 | D:5      | Reached skill level 5 in Transmutations
  7154 | D:5      | Found a runed translucent door.
  7155 | D:5      | Noticed Crazy Yiuf
  7161 | D:5      | Killed Crazy Yiuf
  8069 | D:6      | Found a stormy altar of Qazlal.
  8323 | D:6      | Reached skill level 5 in Spellcasting
  8323 | D:6      | Reached skill level 6 in Transmutations
  8323 | D:6      | Reached XP level 8. HP: 33/33 MP: 12/16
  8359 | D:6      | Killed from afar by an acid dragon
  8360 | D:6      | Reached XP level 7. HP: -8/30 MP: 15/15
  8500 | D:6      | HP: 1/31 [ice beast (10)]
  8500 | D:6      | Slain by an orc

Illustrated notes

Levels and vault maps discovered:
D:1:      dpeg_arrival_rhombi, layout_basic, serial_bayou_ford_a
D:2:      layout_rooms, basic_ecumenical_altar
D:3:      layout_loops_ring, grunt_ministairs_12, minmay_lizard_king
D:4:      layout_layer_cave
D:5:      layout_loops_corners, mainiacjoe_overflow_alcove_1,
          uniq_crazy_yiuf_cottage, uniq_blork_the_orc, uniq_sigmund
D:6:      minmay_chambers_of_threes, layout_layer_cave,
          nicolae_overflow_crystal_walls

Skill      XL: |  1  2  3  4  5  6  7 |
---------------+----------------------+-----
Stealth        | 1 |  1.4
Dodging        | 3 |  3.6
Fighting       | 2 3 |  3.6
Transmutations | 3 4 6 |  6.0
Conjurations   | 1 |  1.0
Spellcasting   | 3 4 5 |  5.0
Poison Magic   | 1 2 4 |  4.0
Unarmed Combat | |  3.4

Action                   |  1- 3 |  4- 6 |  7- 9 || total
-------------------------+-------+-------+-------++-------
Melee: Unarmed           |   170 |    71 |    72 ||   313
       Bite              |    10 |     6 |     8 ||    24
       Punch             |     4 |     3 |     1 ||     8
       Headbutt          |    10 |     5 |     6 ||    21
 Cast: Beastly Appendage |    17 |     5 |     5 ||    27
       Magic Dart        |    17 |    10 |     7 ||    34
       Wereblood         |     4 |     1 |     2 ||     7
       Spider Form       |       |       |     3 ||     3
Evoke: Wand              |       |       |     7 ||     7
  Use: Scroll            |     3 |     1 |     4 ||     8
       Potion            |       |     3 |     1 ||     4
 Stab: Sleeping          |     5 |     1 |     2 ||     8
Armor: Skin              |     7 |    13 |     4 ||    24
Dodge: Dodged            |   110 |    62 |    47 ||   219

Table legend: (Time is in decaauts)
 A = Elapsed time spent in this place.
 B = Non-inter-level travel time spent in this place.
 C = Inter-level travel time spent in this place.
 D = Time resting spent in this place.
 E = Time spent auto-exploring this place.
 F = Levels seen in this place.
 G = Mean time per level.
                   A        B        C        D        E       F      G
               +--------+--------+--------+--------+--------+-----+--------+
         Total |   7693 |   7538 |    155 |     26 |   6670 |   6 | 1282.2 |
       Dungeon |   7693 |   7538 |    155 |     26 |   6670 |   6 | 1282.2 |
               +--------+--------+--------+--------+--------+-----+--------+

Top non-repeatable levels by time:
     D:5: 1798 daAuts
     D:4: 1667 daAuts
     D:3: 1333 daAuts
     D:1: 1313 daAuts
     D:6: 809 daAuts
     D:2: 770 daAuts
